 Dungeon Crawl Stone Soup version 0.30-a0-322-g102857c98e (webtiles) character file.

Game seed: 1249685252970698770

54 IdlyInterested the Chiller (level 3, 0/28 HPs)
             Began as a Demonspawn Wanderer on Oct 27, 2022.
             Slain by a worm (10 damage)
             ... on level 2 of the Dungeon.
             The game lasted 00:05:29 (1782 turns).

IdlyInterested the Chiller (Demonspawn Wanderer)    Turns: 1782, Time: 00:05:29

Health: 0/28       AC:  2    Str:  8    XL:     3   Next: 66%
Magic:  2/6        EV: 11    Int: 17    God:
Gold:   64         SH:  0    Dex: 14    Spells: 5/6 levels left

rFire   . . .      SeeInvis .    l - +2 dagger (pain)
rCold   . . .      Faith    .    (no shield)
rNeg    . . .      Spirit   .    c - +0 robe
rPois   .          Reflect  .    (no helmet)
rElec   .          Harm     .    (no cloak)
rCorr   .          Rampage  .    (no gloves)
Will    .....                    (no boots)
Stlth   ++........               (no amulet)
HPRegen 0.24/turn                (no ring)
MPRegen 0.20/turn                (no ring)

@: no status effects
A: magic regeneration
a: no special abilities


You were on level 2 of the Dungeon.
You visited 1 branch of the dungeon, and saw 2 of its levels.

You collected 64 gold pieces.

Inventory:

Hand Weapons
 a - a +0 dagger
 f - a +0 spear
 l - a +2 dagger of pain (weapon)
Missiles
 j - 9 poisoned darts
Armour
 c - a +0 robe (worn)
Magical Staves
 k - a staff of conjuration
Scrolls
 b - a scroll of fear
 e - a scroll of identify {unknown}
 h - a scroll of enchant armour {unknown}
Potions
 d - 3 potions of curing
 g - a potion of ambrosia {unknown}
 i - a potion of haste {unknown}


   Skills:
 + Level 2.6 Fighting
 - Level 1.0 Armour
 - Level 1.0 Dodging
 * Level 1.2 Stealth
 - Level 2.0 Spellcasting
 - Level 1.0 Conjurations
 * Level 3.6 Ice Magic


You had 5 spell levels left.
You knew the following spells:

 Your Spells              Type           Power      Damage    Failure   Level
a - Freeze                Ice            56%        1d7       4%          1

Your spell library contained the following spells:

 Spells                   Type           Power      Damage    Failure   Level
 Magic Dart               Conj           20%        1d4       13%         1
 Slow                     Hex            4%         N/A       19%         1
 Searing Ray              Conj           10%        2d4       19%         2
 Static Discharge         Conj/Air       6%         2-3/arc   24%         2
 Call Canine Familiar     Summ           1%         N/A       50%         3
 Ice Form                 Ice/Tmut       7%         N/A       67%         4
 Summon Ice Beast         Ice/Summ       7%         N/A       67%         4
 Fulminant Prism          Conj/Hex       1%         3d6       83%         4
 Monstrous Menagerie      Summ           0%         N/A       100%        7
 Summon Hydra             Summ           0%         N/A       100%        7


Dungeon Overview and Level Annotations

Branches:
Dungeon (2/15)

Altars:


Innate Abilities, Weirdness & Mutations

You regenerate magic rapidly.


Message History

The adder is moderately wounded.
You feel sick. The adder bites you.
You are more poisoned.
The adder poisons you!
You hit the adder.
The adder is severely wounded.
You feel sick. The adder completely misses you.
You hit the adder.
You kill the adder!
You feel sick.
Aiming: Freeze (safe; 4% risk of failure)
Press: ? - help, Q - select action, (/) - cycle Shift-Dir - straight line, f - worm
Aim: a worm You freeze the worm.
The worm is lightly wounded.
You feel sick.
Aiming: Freeze (safe; 4% risk of failure)
Press: ? - help, Q - select action, (/) - cycle Shift-Dir - straight line, f/p - worm
Aim: a worm (lightly wounded)
You freeze the worm.
The worm is moderately wounded.
You feel sick. The worm misses you.
Aiming: Freeze (safe; 4% risk of failure)
Press: ? - help, Q - select action, (/) - cycle Shift-Dir - straight line, f/p - worm
Aim: a worm (moderately wounded)
You freeze the worm.
The worm is heavily wounded.
You feel sick.
Aiming: Freeze (safe; 4% risk of failure)
Press: ? - help, Q - select action, (/) - cycle Shift-Dir - straight line, f/p - worm
Aim: a worm (heavily wounded)
You freeze the worm!
The worm is almost dead.
You feel sick. The worm closely misses you.
You barely miss the worm.
The worm is almost dead.
You feel sick.
You are no longer poisoned.
The worm bites you!
You die...

...... .$....
.........##
........... #
..........###.#...
....... #.$....K#
....... #........?
....... #w###.#...
.......##@# .# .
..........<.# ..
........†.### ..
..........# .
#...........
...........# .
...........#
..##..#......#..
...<.##.#?##...#


You could see a worm.

Vanquished Creatures
  A gnoll (D:1)
  An adder (D:2)
  2 dart slugs (D:1)
  A bat (D:1)
  3 endoplasms (D:1)
  4 hobgoblins
  4 kobolds
  A quokka (D:1)
  4 ball pythons (D:1)
  4 frilled lizards
  3 goblins (D:1)
  3 rats
31 creatures vanquished.

Notes
Turn   | Place    | Note
-------+----------+-------------------------------------------
     0 | D:1      | IdlyInterested the Demonspawn Wanderer began the quest for
                  | the Orb.
     0 | D:1      | IdlyInterested set off with the following items: a +0
                  | dagger, a scroll of fear, a +0 robe, a potion of curing;
                  | and the following spell memorised: Freeze; and the
                  | following spells available to memorise: Searing Ray, Static
                  | Discharge, Ice Form, Summon Ice Beast.
     0 | D:1      | Reached XP level 1. HP: 16/16 MP: 3/3
   170 | D:1      | Reached skill level 3 in Ice Magic
   219 | D:1      | Gained mutation: You regenerate magic rapidly. [demonic
                  | ancestry]
   219 | D:1      | Reached XP level 2. HP: 22/22 MP: 3/5
   251 | D:1      | HP: 1/22 [gnoll/+0 whip (5)]
   484 | D:1      | Reached skill level 1 in Stealth
   523 | D:1      | Reached XP level 3. HP: 25/28 MP: 3/6
   770 | D:1      | Got the Precepts of the Maledictive Commander
  1782 | D:2      | Slain by a worm

Illustrated notes

Levels and vault maps discovered:
D:1:      psy_arrival_wood_between_worlds, layout_basic, grunt_decor_one_mirror
D:2:      layout_rooms, uniq_robin

Skill      XL: |  1  2 |
---------------+-------+-----
Ice Magic      | 3 |  3.6
Stealth        | 1 |  1.2
Fighting       | |  2.6
Armour         | |  1.0
Dodging        | |  1.0
Spellcasting   | |  2.0
Conjurations   | |  1.0

Action                   || total
-------------------------++-------
Melee: Dagger            ||    68
       Punch             ||     1
 Cast: Freeze            ||    35
 Stab: Sleeping          ||     2
Armor: Robe              ||     7
Dodge: Dodged            ||    47

Table legend: (Time is in decaauts)
 A = Elapsed time spent in this place.
 B = Non-inter-level travel time spent in this place.
 C = Inter-level travel time spent in this place.
 D = Time resting spent in this place.
 E = Time spent auto-exploring this place.
 F = Levels seen in this place.
 G = Mean time per level.
                   A        B        C        D        E       F      G
               +--------+--------+--------+--------+--------+-----+--------+
         Total |   1781 |   1290 |    491 |    310 |    682 |   2 |  890.5 |
       Dungeon |   1781 |   1290 |    491 |    310 |    682 |   2 |  890.5 |
               +--------+--------+--------+--------+--------+-----+--------+

Top non-repeatable levels by time:
     D:1: 1743 daAuts
     D:2: 38 daAuts
